 Dungeon Crawl Stone Soup version 0.22-a0-565-gfc6459a524 (webtiles) character file.

861 Hercules1031 the Skirmisher (level 8, -1/69 HPs)
             Began as a Hill Orc Fighter on June 27, 2018.
             Succumbed to adarith's ghost's sting
             ... on level 5 of the Dungeon.
             The game lasted 00:11:11 (3378 turns).

Hercules1031 the Skirmisher (Hill Orc Fighter)      Turns: 3378, Time: 00:11:12

Health: -1/69      AC:  8    Str: 21    XL:     8   Next: 2%
Magic:  8/8        EV:  9    Int:  8    God:
Gold:   159        SH:  0    Dex: 10    Spells: 7/7 levels left

rFire    . . .     SeeInvis .   a - +0 war axe
rCold    . . .     Gourm    .   c - +0 shield
rNeg     . . .     Faith    .   b - +0 scale mail
rPois    .         Spirit   .   (no helmet)
rElec    .         Reflect  .   (no cloak)
rCorr    .         Harm     .   l - +0 pair of gloves
MR       .....                  (no boots)
Stlth    ..........             (no amulet)
HPRegen  0.21/turn              (no ring)
MPRegen  0.11/turn              (no ring)

@: confused, lethally poisoned (-1 -> -12)
A: no striking features
a: no special abilities


You were on level 5 of the Dungeon.
You were full.

You visited 1 branch of the dungeon, and saw 5 of its levels.

You collected 159 gold pieces.

Inventory:

Hand Weapons
 a - a +0 war axe (weapon)
Armour
 b - a +0 scale mail (worn)
 c - a +0 shield (worn)
 l - a +0 pair of gloves (worn)
Wands
 d - a wand of flame (13)
Scrolls
 e - 3 scrolls of teleportation {unknown}
 g - 2 scrolls of fog {unknown}
 i - 5 scrolls of identify {unknown}
 k - a scroll of immolation {unknown}
 m - 3 scrolls of remove curse {unknown}
 o - 3 scrolls of magic mapping {unknown}
 q - a scroll of noise {unknown}
 r - a scroll of random uselessness {unknown}
 u - a scroll of amnesia {unknown}
Potions
 t - a potion of haste
Comestibles
 f - 5 rations


   Skills:
 + Level 5.5 Fighting
 + Level 5.3 Axes
 + Level 5.1 Armour
 * Level 4.0 Dodging
 + Level 5.1 Shields


You had 7 spell levels left.
You didn't know any spells.
Your spell library was empty.

Dungeon Overview and Level Annotations

Branches:
Dungeon (5/15)
 Temple: D:4-7

Altars:
Kikubaaqudgha

Shops:
D:4 =

Annotations:
D:5 adarith's ghost, novice GrVM


Message History

Adarith's ghost appears unharmed.
Adarith's ghost gestures at you while chanting.
The ball explodes into a vile cloud!
The stinking cloud engulfs you!
The stinking cloud engulfs adarith's ghost.
Adarith's ghost appears unharmed.
You hear a shout!
Unknown command.
You are engulfed in noxious fumes.
You choke on the stench!
You are more confused.
* * * LOW HITPOINT WARNING * * *
x2 You feel sick.
Adarith's ghost gestures at you while chanting.
The sting hits you!
You are more poisoned.
* * * LOW HITPOINT WARNING * * *
You're too confused to move!
You are engulfed in noxious fumes.
* * * LOW HITPOINT WARNING * * *
x2 You feel sick.
Unknown command.
You die...

#...............#
#.....(######...#
#..................
#........##########
##.#.#...#.#.#.#$#
#.#.......#.....# #
#.......'...$##
##.§§...'...[.#
#@W.§..'....##
#.§.§..#...[.#
####+#.#.#.#.#
##### # #


You could see adarith's ghost.

Vanquished Creatures
  Sigmund (D:3)
  Menkaure (D:4)
  A sky beast (D:5)
  2 scorpions (D:5)
  2 vampire bats (D:4)
  2 iguanas
  Ijyb (D:3)
  Natasha (thrice) (D:3)
  A worker ant (D:4)
  A worker ant zombie (D:5)
  A howler monkey zombie (D:5)
  4 adders
  An ooze (D:1)
  2 adder zombies (D:5)
  2 adder skeletons
  A worm (D:2)
  3 dart slugs
  2 leopard geckos (D:5)
  5 bat skeletons (D:4)
  2 bat zombies (D:4)
  2 giant cockroaches (D:2)
  A goblin (D:2)
  6 hobgoblins
  8 jackals (D:3)
  2 quokkas (D:2)
  A ball python (D:3)
  6 bats
  6 frilled lizards
  6 kobolds
  A quokka skeleton (D:5)
  2 rats
79 creatures vanquished.

Notes
Turn   | Place    | Note
-------+----------+-------------------------------------------
     0 | D:1      | Hercules1031 the Hill Orc Fighter began the quest for the Orb.
     0 | D:1      | Reached XP level 1. HP: 19/19 MP: 1/1
    71 | D:1      | Reached XP level 2. HP: 27/27 MP: 2/2
   654 | D:2      | Reached XP level 3. HP: 31/33 MP: 3/3
   726 | D:2      | Upgraded the game from 0.22-a0-558-gc2241811a9 to 0.22-a0-565-gfc6459a524
   746 | D:2      | Reached skill level 1 in Dodging
   867 | D:2      | Reached XP level 4. HP: 40/40 MP: 4/4
  1066 | D:3      | Noticed Sigmund
  1087 | D:3      | Killed Sigmund
  1087 | D:3      | Reached XP level 5. HP: 32/47 MP: 5/5
  1110 | D:3      | Noticed Ijyb
  1125 | D:3      | Killed Ijyb
  1125 | D:3      | Reached XP level 6. HP: 25/53 MP: 6/6
  1189 | D:3      | Noticed Natasha
  1190 | D:3      | Killed Natasha
  1227 | D:3      | Noticed Natasha
  1236 | D:3      | Killed Natasha
  1313 | D:3      | Noticed Natasha
  1321 | D:3      | Killed Natasha
  1710 | D:4      | Found an ancient bone altar of Kikubaaqudgha.
  1749 | D:4      | Reached XP level 7. HP: 42/60 MP: 7/7
  1790 | D:4      | Found Onaiguoh's Jewellery Shoppe.
  2082 | D:4      | Noticed Menkaure
  2095 | D:4      | Killed Menkaure
  2095 | D:4      | Reached skill level 5 in Fighting
  2265 | D:5      | Entered Level 5 of the Dungeon
  2288 | D:5      | Reached skill level 5 in Axes
  2305 | D:5      | Reached skill level 5 in Armour
  2316 | D:5      | HP: 3/61 [adder (3)]
  2897 | D:5      | Reached skill level 5 in Shields
  3281 | D:5      | Found a runed gate.
  3282 | D:5      | Found a runed gate.
  3283 | D:5      | Found a runed gate.
  3292 | D:5      | Noticed adarith's ghost (novice GrVM)
  3325 | D:5      | Reached XP level 8. HP: 47/69 MP: 8/8
  3376 | D:5      | HP: 2/69 [adarith's ghost/sting (4)]
  3378 | D:5      | Succumbed to adarith's ghost's sting

Vault maps used:
D:1:      onia_arrival_pentagram
D:2:      first_ration
D:3:      kennysheep_generic_room_3, uniq_ijyb, uniq_natasha, uniq_sigmund
D:4:      kennysheep_vampire_church, serial_shops, nicolae_shop_crystal,
          uniq_menkaure
D:5:      gammafunk_ghost_necromancy, serial_shops, shop, sword_in_stone,
          uniq_blork_the_orc

Skill      XL: |  1  2  3  4  5  6  7  8 |
---------------+-------------------------+-----
Axes           | 3 4 5 |  5.3
Dodging        | 1 2 3 4 |  4.0
Fighting       | 4 5 |  5.5
Armour         | 4 5 |  5.1
Shields        | 4 5 |  5.1

Action                   |  1- 3 |  4- 6 |  7- 9 || total
-------------------------+-------+-------+-------++-------
Melee: War axe           |    82 |   116 |   130 ||   328
  Use: Potion            |       |     1 |    12 ||    13
  Eat: Ration            |       |     1 |     3 ||     4
Armor: Scale mail        |    31 |    84 |    52 ||   167
       Skin              |       |       |     8 ||     8
Dodge: Dodged            |    32 |    56 |    57 ||   145
Block: Shield            |    45 |    85 |    64 ||   194

Table legend:
 A = Spawn XP
 B = Non-spawn XP
 C = Spawn XP percentage of total XP
 D = Spawn monster count
 E = Non-spawn monster count
 F = Spawn count percentage of total count
 G = Total turns spent on level
                    A         B        C        D         E        F      G
               +---------+---------+-------+---------+---------+-------+---------
         Total |       0 |    1231 |   0.0 |       0 |      79 |   0.0 |  3378
               +---------+---------+-------+---------+---------+-------+---------
           D:1 |       0 |      30 |   0.0 |       0 |      14 |   0.0 |   644
           D:2 |       0 |      57 |   0.0 |       0 |      19 |   0.0 |   422
           D:3 |       0 |     397 |   0.0 |       0 |      19 |   0.0 |   485
           D:4 |       0 |     371 |   0.0 |       0 |      14 |   0.0 |   714
           D:5 |       0 |     376 |   0.0 |       0 |      13 |   0.0 |  1113
               +---------+---------+-------+---------+---------+-------+---------
